 Dungeon Crawl Stone Soup version 0.29.1-15-g9cfb28693d (webtiles) character file.

Game seed: 18133230104902059412

11679 Farfigtubin the Basher (level 11, -1/102 HPs)
             Began as a Hill Orc Fighter on Mar 13, 2023.
             Was a Believer of Beogh.
             Slain by a komodo dragon (21 damage)
             ... on level 1 of the Lair of Beasts on Mar 14, 2023.
             The game lasted 01:16:38 (13614 turns).

Farfigtubin the Basher (Hill Orc Fighter)          Turns: 13614, Time: 01:16:39

Health: -1/102     AC: 27    Str: 24    XL:     11   Next: 81%
Magic:  17/17      EV:  7    Int:  8    God:    Beogh [**....]
Gold:   571        SH:  4    Dex: 10    Spells: 10/10 levels left

rFire   . . .      SeeInvis .   l - +2 hammer (protect)
rCold   . . .      Faith    .   c - +0 buckler
rNeg    . . .      Spirit   .   w - +0 plate armour
rPois   .          Reflect  .   B - +2 hat
rElec   .          Harm     .   (no cloak)
rCorr   +          Rampage  .   K - +1 pair of gloves
Will    .....                   V - +0 pair of boots
Stlth   ..........              u - amulet of the acrobat
HPRegen 0.27/turn               (no ring)
MPRegen 0.15/turn               m - ring of resist corrosion

@: mighty, under a protective aura
A: no striking features
a: Renounce Religion, Smiting


You were on level 1 of the Lair of Beasts.
You worshipped Beogh.
Beogh was pleased with you.
You visited 3 branches of the dungeon, and saw 12 of its levels.

You collected 571 gold pieces.

Inventory:

Hand Weapons
 a - a +0 war axe
 l - a +2 hammer of protection (weapon)
Missiles
 f - 87 stones (quivered)
 q - 17 poisoned darts
 s - 11 boomerangs
 x - 2 atropa-tipped darts
 C - 6 javelins
 S - 4 curare-tipped darts
 U - a throwing net
Armour
 c - a +0 buckler (worn)
 w - a +0 plate armour (worn)
 B - a +2 hat (worn)
 K - a +1 pair of gloves (worn)
 V - a +0 pair of boots (worn)
Jewellery
 i - a ring of protection from fire
 m - a ring of resist corrosion (right hand)
 n - a ring of protection from fire
 u - an amulet of the acrobat (around neck)
 v - an amulet of reflection
 F - a ring of ice
Wands
 G - a wand of roots (8)
 H - a wand of polymorph (8)
 I - a wand of charming (20)
 Q - a wand of flame (18)
 W - a wand of mindburst (3)
Scrolls
 b - a scroll of poison {unknown}
 e - 2 scrolls of noise {unknown}
 j - 5 scrolls of teleportation
 k - 5 scrolls of identify {unknown}
 r - 2 scrolls of enchant weapon {unknown}
 y - a scroll of acquirement {unknown}
 z - 2 scrolls of butterflies {unknown}
 A - a scroll of fear {unknown}
 J - a scroll of vulnerability {unknown}
 L - 2 scrolls of enchant armour {unknown}
 R - 2 scrolls of blinking {unknown}
Potions
 g - 7 potions of degeneration {unknown}
 h - 5 potions of curing
 o - 3 potions of invisibility {unknown}
 p - 3 potions of lignification {unknown}
 t - a potion of mutation {unknown}
 D - 2 potions of haste {unknown}
 E - 2 potions of heal wounds {unknown}
 M - a potion of resistance {unknown}
 N - 2 potions of berserk rage {unknown}
 O - a potion of cancellation {unknown}
 P - a potion of attraction {unknown}
 T - a potion of ambrosia {unknown}


   Skills:
 + Level 11.0 Fighting
 - Level 3.7(10.6) Axes
 * Level 13.0(13.1) Maces & Flails
 + Level 9.5 Armour
 - Level 4.4 Shields
 + Level 8.8 Invocations


You had 10 spell levels left.
You didn't know any spells.
Your spell library contained the following spells:

 Spells                   Type           Power      Damage    Failure   Level
 Apportation              Tloc           0%         N/A       100%        1
 Beastly Appendage        Tmut           0%         N/A       100%        1
 Necrotise                Necr           0%         1d4       100%        1
 Sandblast                Erth           0%         2d4       100%        1
 Summon Small Mammal      Summ           0%         N/A       100%        1
 Ensorcelled Hibernation  Hex/Ice        0%         N/A       100%        2
 Passwall                 Tmut/Erth      0%         N/A       100%        2
 Poisonous Vapours        Pois/Air       0%         N/A       100%        2
 Wereblood                Tmut           0%         N/A       100%        2
 Spider Form              Tmut/Pois      0%         N/A       100%        3
 Stone Arrow              Conj/Erth      0%         3d7       100%        3
 Swiftness                Air            0%         N/A       100%        3
 Corpse Rot               Necr/Pois/Air  0%         N/A       100%        4
 Summon Ice Beast         Ice/Summ       0%         N/A       100%        4
 Summon Mana Viper        Hex/Summ       0%         N/A       100%        5
 Monstrous Menagerie      Summ           0%         N/A       100%        7


Dungeon Overview and Level Annotations

Branches:
Dungeon (10/15)            Temple (1/1) D:5            Lair (1/5) D:10
    Orc (0/2) D:10

Altars:
Ashenzari
Cheibriados
Elyvilon
Fedhas
Gozag
Hepliaklqana
Kikubaaqudgha
Makhleb
Nemelex Xobeh
Okawaru
Qazlal
Ru
Sif Muna
Trog
Uskayaw
Vehumet
Wu Jian
Xom
Yredelemnul
Zin
The Shining One

Shops:
D:1 (   D:9 *

Annotations:
D:2 1 runed translucent door, Crazy Yiuf
D:5 3 runed translucent doors, croobank's ghost, weakling OpDe


Message History

You closely miss the komodo dragon.
The komodo dragon is severely wounded.
The komodo dragon hisses angrily.
The komodo dragon bites you.
You sock the komodo dragon!
The komodo dragon is almost dead.
You block the komodo dragon's attack.
You thump the komodo dragon!
You kill the komodo dragon!
Beogh accepts your kill.
Your Fighting skill increases to level 11!
Your Maces & Flails skill increases to level 13!
You hit the komodo dragon but do no damage.
The komodo dragon bites you!
You hit the komodo dragon but do no damage.
You block the komodo dragon's attack.
You hit the komodo dragon but do no damage.
The komodo dragon bites you!
You closely miss the komodo dragon. You barely miss the komodo dragon.
The komodo dragon bites you but does no damage.
You barely miss the komodo dragon. The komodo dragon bites you!
You barely miss the komodo dragon. The komodo dragon bites you!
* * * LOW HITPOINT WARNING * * *
Okay, then.
You feel very mighty all of a sudden. You block the komodo dragon's attack.
You sock the komodo dragon!
The komodo dragon is moderately wounded.
The komodo dragon bites you but does no damage.
You sock the komodo dragon!
The komodo dragon is severely wounded.
You barely miss the komodo dragon.
The komodo dragon is severely wounded.
The komodo dragon bites you.
* * * LOW HITPOINT WARNING * * *
You sock the komodo dragon!
The komodo dragon is almost dead.
The komodo dragon bites you!!
You die...

#...# ..... ...P #..#
..# ##†# #..# ##l#
#### ♣. #@###.PP#.P.
#. ####.......P..~
...# #..#.#........~
#.#..##.....†.....~~~
#.........†.<##...~♣~
###.##.##.†.# ..~~~
#.###..# .~~~ #.#
#...#


♣FF #.# #..## . You could see a komodo dragon.

Vanquished Creatures
  2 two-headed ogres
  Sonja (D:10)
  Pikel (D:8)
  A cyclops (D:9)
  A gargoyle (D:10)
  A demonic crawler (D:10)
  2 komodo dragons
  A hornet (D:9)
  Grinder (D:6)
  4 blink frogs (Lair:1)
  A shadow (D:9)
  A wyvern (D:9)
  13 yaks (D:9)
  2 steam dragons
  4 swamp worms (D:10)
  A water moccasin (D:7)
  5 orc warriors
  An ice beast (D:5)
  A sky beast (D:6)
  2 black bears
  3 ogres
  2 centaurs
  3 kobold brigands
  A necrophage (D:7)
  5 bullfrogs
  A gnoll sergeant (D:9)
  6 scorpions
  14 killer bees
  A gnoll bouda (D:3)
  A jelly (D:6)
  6 orc priests (D:8)
  7 hounds
  3 iguanas
  Natasha (thrice) (D:3)
  2 orc wizards (D:7)
  8 gnolls
  7 adders
  A shadow imp (D:7)
  A white imp (D:6)
  An ufetubus (D:6)
  2 worms (D:4)
  A dart slug (D:3)
  28 orcs
  12 ball pythons
  6 bats
  4 endoplasms
  3 giant cockroaches
  5 goblins
  8 hobgoblins
  A jackal (D:1)
  21 kobolds
  3 quokkas
  2 frilled lizards (D:3)
  7 rats
225 creatures vanquished.

Vanquished Creatures (collateral kills)
  Maggie (D:8)
1 creature vanquished.

Vanquished Creatures (others)
  An orc priest (D:6)
  An orc wizard (D:6)
  An orc (D:6)
  7 fungi
  17 plants
27 creatures vanquished.

Grand Total: 253 creatures vanquished

Notes
Turn   | Place    | Note
-------+----------+-------------------------------------------
     0 | D:1      | Farfigtubin the Hill Orc Fighter began the quest for the
                  | Orb.
     0 | D:1      | Reached XP level 1. HP: 19/19 MP: 1/1
   144 | D:1      | Found Opyados's Weapon Shop.
   294 | D:1      | Reached XP level 2. HP: 24/27 MP: 2/2
   733 | D:1      | Found a faded altar of an unknown god.
  1115 | D:2      | Reached XP level 3. HP: 33/33 MP: 3/3
  1124 | D:2      | Found a runed translucent door.
  1125 | D:2      | Noticed Crazy Yiuf
  1627 | D:2      | Reached skill level 1 in Maces & Flails
  1967 | D:2      | Reached XP level 4. HP: 10/40 MP: 4/4
  2313 | D:3      | Found an ancient bone altar of Kikubaaqudgha.
  2344 | D:3      | Reached skill level 2 in Maces & Flails
  2356 | D:3      | Noticed Natasha
  2392 | D:3      | Killed Natasha
  2394 | D:3      | Reached XP level 5. HP: 30/47 MP: 5/5
  2523 | D:3      | Noticed Natasha
  2539 | D:3      | Killed Natasha
  2668 | D:3      | Noticed Natasha
  2685 | D:3      | Killed Natasha
  2686 | D:3      | Reached skill level 3 in Maces & Flails
  3281 | D:4      | Reached skill level 5 in Fighting
  3281 | D:4      | Reached XP level 6. HP: 17/56 MP: 6/6
  3686 | D:4      | Reached skill level 4 in Maces & Flails
  4141 | D:5      | Entered Level 5 of the Dungeon
  4196 | D:5      | Reached XP level 7. HP: 56/61 MP: 7/7
  4265 | D:5      | Found a staircase to the Ecumenical Temple.
  4281 | Temple   | Entered the Ecumenical Temple
  4431 | D:5      | Reached skill level 5 in Maces & Flails
  4536 | D:5      | Found a white marble altar of Elyvilon.
  4859 | D:5      | Found a runed translucent gate.
  4859 | D:5      | Found a runed translucent gate.
  4859 | D:5      | Found a runed translucent gate.
  4866 | D:5      | Noticed croobank's ghost (weakling OpDe)
  5016 | D:5      | Reached skill level 6 in Maces & Flails
  5165 | D:6      | Reached XP level 8. HP: 70/70 MP: 8/8
  5182 | D:6      | Became a worshipper of Beogh the Brigand
  5217 | D:6      | Reached skill level 5 in Armour
  5496 | D:6      | Reached skill level 7 in Maces & Flails
  5783 | D:6      | Noticed Grinder
  5798 | D:6      | Killed Grinder
  6284 | D:7      | Reached skill level 8 in Maces & Flails
  6284 | D:7      | Reached skill level 1 in Invocations
  6607 | D:7      | Reached XP level 9. HP: 55/79 MP: 10/10
  7169 | D:7      | Reached * piety under Beogh
  7238 | D:7      | Found a radiant altar of Vehumet.
  7240 | D:7      | Found a stormy altar of Qazlal.
  7540 | D:7      | Found an iron altar of Okawaru.
  7676 | D:8      | Noticed Pikel
  7707 | D:8      | Killed Pikel
  7708 | D:8      | Reached skill level 9 in Maces & Flails
  8061 | D:8      | Noticed Maggie
  8080 | D:8      | Killed Maggie
  8151 | D:8      | Reached XP level 10. HP: 69/90 MP: 13/13
  8312 | D:8      | Reached skill level 10 in Maces & Flails
  8312 | D:8      | Reached skill level 5 in Invocations
  8490 | D:8      | Reached ** piety under Beogh
  9273 | D:9      | Found Budan's Lightly-Used Armoury.
  9291 | D:9      | Noticed a two-headed ogre
  9312 | D:9      | Killed a two-headed ogre
  9723 | D:9      | Paralysed by a hornet for 1 turns
 10124 | D:9      | Reached skill level 11 in Maces & Flails
 10543 | D:9      | Noticed a cyclops
 10553 | D:9      | Killed a cyclops
 10597 | D:9      | Reached skill level 10 in Fighting
 10597 | D:9      | Reached XP level 11. HP: 21/99 MP: 16/16
 10962 | D:9      | Found an ornate altar of the Wu Jian Council.
 11242 | D:9      | Reached skill level 12 in Maces & Flails
 11519 | D:9      | Found a glowing silver altar of Zin.
 11678 | D:10     | Entered Level 10 of the Dungeon
 12058 | D:10     | Noticed Sonja
 12060 | D:10     | Killed Sonja
 12111 | D:10     | Noticed a two-headed ogre
 12125 | D:10     | Killed a two-headed ogre
 12546 | D:10     | Found a staircase to the Lair.
 12602 | D:10     | Found a staircase to the Orcish Mines.
 13516 | Lair:1   | Entered Level 1 of the Lair of Beasts
 13599 | Lair:1   | Reached skill level 13 in Maces & Flails
 13614 | Lair:1   | Slain by a komodo dragon

Illustrated notes

Levels and vault maps discovered:
D:1:      dpeg_arrival_castle, layout_basic, serial_shops,
          nicolae_shop_bloodbath_and_beyond, ebering_ecumenical_altar_abandoned,
          minmay_ruptured
D:2:      layout_loops_corners, minmay_split_cup_large, uniq_crazy_yiuf_cottage
D:3:      minmay_wonky_spiral, layout_rooms,
          nicolae_kikubaaqudgha_miasma_corner, uniq_natasha
D:4:      layout_rooms
D:5:      layout_loops_ring, mainiacjoe_overflow_surrounded_room,
          minmay_temple_entry_gardened_gates, gammafunk_ghost_necromancy
D:6:      layout_rooms, minmay_curled_crystal, uniq_grinder
D:7:      layout_basic, nicolae_overflow_hidden_temple, minmay_chambers_of_fives
D:8:      layout_loops_ring, minivault_23, uniq_maggie, uniq_pikel
D:9:      layout_loops_corners, marbit_many_paths, zin_scriptorium,
          minmay_shop_damaged
D:10:     layout_cave_pods, grunt_lair_entry_orc_guard_hut, david_orc_3,
          worms_lemuel, uniq_sonja
Temple:   nicolae_temple_two_arcs
Lair:1:   layout_loops_ring, gauntlet_entry_generic, serial_bayou_pond_a,
          grunt_megastairs_1

Skill      XL: |  1  2  3  4  5  6  7  8  9 10 11 |
---------------+----------------------------------+-----
Axes           | 3 |  3.7
Fighting       | 4 5 6 7 8 10 11 | 11.0
Maces & Flails | 1 2 3 4 6 8 9 11 13 | 13.0
Shields        | 4 |  4.4
Armour         | 4 6 7 8 9 |  9.5
Invocations    | 1 4 7 8 |  8.8

Action                   |  1- 3 |  4- 6 |  7- 9 | 10-12 || total
-------------------------+-------+-------+-------+-------++-------
Melee: War axe           |    49 |       |       |       ||    49
       Mace              |    38 |   199 |   306 |   604 ||  1147
Throw: Boomerang         |       |     2 |       |     2 ||     4
       Dart              |       |     3 |    13 |     8 ||    24
       Stone             |       |     2 |       |     3 ||     5
Invok: Convert to Beogh  |       |       |     1 |       ||     1
       Smiting           |       |       |       |     3 ||     3
Evoke: Wand              |       |       |     1 |       ||     1
  Use: Potion            |     1 |     1 |     2 |     3 ||     7
       Scroll            |       |     1 |       |       ||     1
 Stab: Betrayed ally     |       |       |     1 |       ||     1
Armor: Scale mail        |    21 |       |       |       ||    21
       Chain mail        |    40 |    47 |       |       ||    87
       Plate armour      |       |    63 |   233 |   306 ||   602
Dodge: Dodged            |    41 |    65 |   104 |   134 ||   344
Block: Buckler           |    24 |    37 |    51 |    96 ||   208
